 Dungeon Crawl Stone Soup version 0.28-a0-1435-g82390b3a13 (webtiles) character file.

Game seed: 979253569570454915

8 HallandMoats the Skirmisher (level 2, 0/24 HPs)
             Began as a Demonspawn Fighter on Jan 9, 2022.
             Slain by a frilled lizard (1 damage)
             ... on level 1 of the Dungeon.
             The game lasted 00:00:12 (204 turns).

HallandMoats the Skirmisher (Demonspawn Fighter)     Turns: 204, Time: 00:00:13

Health: 0/24       AC:  6    Str: 16    XL:     2   Next: 0%
Magic:  2/2        EV:  9    Int:  9    God:
Gold:   13         SH:  4    Dex: 12    Spells: 1/1 levels left

rFire   . . .      SeeInvis .   a - +0 war axe
rCold   . . .      Faith    .   c - +0 buckler
rNeg    . . .      Spirit   .   b - +0 scale mail
rPois   .          Reflect  .   (no helmet)
rElec   .          Harm     .   (no cloak)
rCorr   .          Rampage  .   (no gloves)
Will    .....                   (no boots)
Stlth   ..........              (no amulet)
HPRegen 0.08/turn               (no ring)
MPRegen 0.08/turn               (no ring)

@: no status effects
A: hooves 1
a: no special abilities


You were on level 1 of the Dungeon.
You visited 1 branch of the dungeon, and saw 1 of its levels.

You collected 13 gold pieces.

Inventory:

Hand Weapons
 a - a +0 war axe (weapon)
Armour
 b - a +0 scale mail (worn)
 c - a +0 buckler (worn)
Potions
 d - a potion of might
 e - a potion of curing {unknown}


   Skills:
 * Level 3.1 Fighting
 * Level 2.0 Axes
 + Level 2.7 Armour
 + Level 0.3 Dodging
 + Level 2.7 Shields


You had one spell level left.
You didn't know any spells.
Your spell library was empty.

Dungeon Overview and Level Annotations

Branches:
Dungeon (1/15)

Altars:


Innate Abilities, Weirdness & Mutations

You have large cloven feet.


Message History

The hobgoblin hits you but does no damage.
The hobgoblin hits you but does no damage.
The hobgoblin hits you but does no damage.
The hobgoblin closely misses you. The hobgoblin hits you.
A frilled lizard comes into view.
The hobgoblin closely misses you.
The hobgoblin hits you but does no damage.
The hobgoblin hits you.
The frilled lizard bites you but does no damage.
The hobgoblin barely misses you. The frilled lizard barely misses you.
A frilled lizard comes into view.
The hobgoblin hits you.
The frilled lizard hisses angrily.
You block the frilled lizard's attack. You block the hobgoblin's attack.
You block the frilled lizard's attack. The hobgoblin hits you.
* * * LOW HITPOINT WARNING * * *
The frilled lizard bites you but does no damage.
The frilled lizard barely misses you. The hobgoblin hits you.
* * * LOW HITPOINT WARNING * * *
The frilled lizard closely misses you.
The frilled lizard completely misses you.
The hobgoblin hits you but does no damage.
The frilled lizard bites you but does no damage. x2
The hobgoblin hits you but does no damage.
The frilled lizard barely misses you. You block the frilled lizard's attack.
The hobgoblin hits you.
* * * LOW HITPOINT WARNING * * *
You block the frilled lizard's attack.
The frilled lizard bites you but does no damage.
The hobgoblin hits you but does no damage.
The frilled lizard bites you.
* * * LOW HITPOINT WARNING * * *
You block the frilled lizard's attack. The hobgoblin closely misses you.
The frilled lizard barely misses you.
The frilled lizard bites you but does no damage.
You block the hobgoblin's attack. The frilled lizard closely misses you.
The frilled lizard bites you.
You die...

#######.#.# #.....#
#..... #.......#
#.....# ######
#.####.## ###.### #..#
#.# #.#####.######
##+###
.............###......
########.#............
#.#.#.##)......
#...#..@l).....
#......gl......
#..###.###.#... #...
### # # ### #..# #..
#.. #.. #.. #.. #.#


You could see a hobgoblin and 2 frilled lizards.

Vanquished Creatures
  2 goblins (D:1)
  2 hobgoblins (D:1)
  2 ball pythons (D:1)
  A kobold (D:1)
7 creatures vanquished.

Notes
Turn   | Place    | Note
-------+----------+-------------------------------------------
     0 | D:1      | HallandMoats the Demonspawn Fighter began the quest for the
                  | Orb.
     0 | D:1      | Reached XP level 1. HP: 18/18 MP: 1/1
   185 | D:1      | Discovered your monstrous ancestry.
   185 | D:1      | Gained mutation: You have large cloven feet. [demonic
                  | ancestry]
   185 | D:1      | Reached XP level 2. HP: 15/24 MP: 2/2
   202 | D:1      | HP: 1/24 [frilled lizard (2)]
   204 | D:1      | Slain by a frilled lizard

Illustrated notes

Levels and vault maps discovered:
D:1:      heliophobic_arrival_ceremonial_halls, layout_basic,
          dilly_ecumenical_altar_fadedgnrine, amethyst_killhole,
          minmay_indecisive_spiral

Skill      XL: |  1 |
---------------+----+-----
Axes           | 2 |  2.0
Fighting       | |  3.1
Armour         | |  2.7
Dodging        | |  0.3
Shields        | |  2.7

Action                   || total
-------------------------++-------
Melee: War axe           ||    11
Armor: Scale mail        ||    20
Dodge: Dodged            ||    15
Block: Buckler           ||     8

Table legend: (Time is in decaauts)
 A = Elapsed time spent in this place.
 B = Non-inter-level travel time spent in this place.
 C = Inter-level travel time spent in this place.
 D = Time resting spent in this place.
 E = Time spent auto-exploring this place.
 F = Levels seen in this place.
 G = Mean time per level.
                   A        B        C        D        E       F      G
               +--------+--------+--------+--------+--------+-----+--------+
         Total |    208 |    208 |      0 |      0 |    156 |   1 |  208.0 |
       Dungeon |    208 |    208 |      0 |      0 |    156 |   1 |  208.0 |
               +--------+--------+--------+--------+--------+-----+--------+

Top non-repeatable levels by time:
     D:1: 208 daAuts
